 Dungeon Crawl Stone Soup version 0.27-a0-1391-g48c30b3128 (console) character file.

Game seed: 12816168114017390548

435 Hector the Chopper (level 7, -2/87 HPs)
             Began as a Hill Orc Fighter on July 1, 2021.
             Killed from afar by Dowan (9 damage)
             ... with a shard of ice
             ... on level 4 of the Dungeon.
             The game lasted 00:10:52 (4272 turns).

Hector the Chopper (Hill Orc Fighter)               Turns: 4272, Time: 00:10:53

Health: -2/87      AC: 23    Str: 21    XL:     7   Next: 0%
Magic:  7/7        EV:  2    Int:  8    God:
Gold:   140        SH:  9    Dex: 10    Spells: 6/6 levels left

rFire    . . .     SeeInvis .   a - +1 war axe
rCold    . . .     Faith    .   i - +0 kite shield
rNeg     + + +     Spirit   .   (armour currently unavailable)
rPois    +         Reflect  .   (helmet currently unavailable)
rElec    .         Harm     .   (cloak currently unavailable)
rCorr    .         Rampage  .   (gloves currently unavailable)
Will     .....     NoTele   +   (boots currently unavailable)
Stlth    +.........             (no amulet)
HPRegen  0.24/turn              (no ring)
MPRegen  0.10/turn              (no ring)

@: tree-form
A: stationary, stasis, torment immunity, boosted hp
a: no special abilities


You were on level 4 of the Dungeon.
You were a tree.
You visited 1 branch of the dungeon, and saw 5 of its levels.

You collected 140 gold pieces.

Inventory:

Hand Weapons
 a - a +1 war axe (weapon)
Missiles
 k - 66 stones (quivered)
Armour
 b - a +0 scale mail
 d - a +0 chain mail of poison resistance (melded)
 e - a scarf of repulsion (melded)
 i - a +0 kite shield (worn)
Magical Staves
 g - a staff of cold
Jewellery
 p - a ring of ice
Scrolls
 m - 2 scrolls of amnesia
 o - a scroll of blinking
 r - a scroll of noise
Potions
 c - a potion of might
 f - 3 potions of invisibility
 h - a potion of curing
 l - a potion of berserk rage
 n - a potion of haste {unknown}
 q - 2 potions of ambrosia


   Skills:
 + Level 3.9 Fighting
 * Level 7.9 Axes
 * Level 4.7 Armour
 + Level 0.4 Dodging
 + Level 3.8 Shields


You had 6 spell levels left.
You didn't know any spells.
Your spell library contained the following spells:

 Spells                   Type           Power      Damage    Failure   Level
 Beastly Appendage        Tmut           0%         N/A       88%         1
 Summon Small Mammal      Summ           0%         N/A       88%         1
 Call Imp                 Summ           0%         N/A       95%         2
 Wereblood                Tmut           0%         N/A       95%         2
 Call Canine Familiar     Summ           0%         N/A       99%         3
 Spider Form              Tmut/Pois      0%         N/A       99%         3
 Summon Guardian Golem    Hex/Summ       0%         N/A       99%         3
 Ice Form                 Ice/Tmut       0%         N/A       100%        4
 Summon Ice Beast         Ice/Summ       0%         N/A       100%        4
 Summon Lightning Spire   Summ/Air       0%         N/A       100%        4


Dungeon Overview and Level Annotations

Branches:
Dungeon (5/15)
 Temple: D:4-7

Altars:

Annotations:
D:4 Dowan


Message History

You hit Dowan but do no damage.
Dowan is heavily wounded.
You block Dowan's attack. Dowan hits you but does no damage.
You closely miss Dowan.
Dowan is heavily wounded.
Dowan casts a spell at you. You block the stone arrow.
You block Dowan's attack.
You hit Dowan but do no damage.
Dowan is heavily wounded.
Dowan hits you but does no damage. Dowan casts a spell at you.
The shard of ice hits you!!
* * * LOW HITPOINT WARNING * * *
Unknown command.
You feel better. Dowan hits you with a +0 dagger.
* * * LOW HITPOINT WARNING * * *
Dowan hits you with a +0 dagger.
* * * LOW HITPOINT WARNING * * *
It was a potion of lignification.
You turn into a tree.
Your scarf of repulsion melds into your body.
Your +0 chain mail of poison resistance melds into your body.
The haze of the repulsion field disappears.
You no longer feel resistant to poison.
Your roots penetrate the ground.
Dowan hits you with a +0 dagger.
* * * LOW HITPOINT WARNING * * *
You hit Dowan.
Dowan is heavily wounded.
Dowan casts a spell at you.
The stone arrow hits you but does no damage.
Dowan hits you but does no damage.
You hit Dowan.
Dowan is severely wounded.
Dowan hits you but does no damage. Dowan hits you with a +0 dagger.
* * * LOW HITPOINT WARNING * * *
You miss Dowan.
Dowan is severely wounded.
Dowan hits you but does no damage. Dowan casts a spell at you.
The shard of ice hits you!
You die...

......# ......#
......# ....(.#
......#
#####.###############
#......e........#
##############.##
#♣#e# #e#)# #.#.#
#############.#.# ##
#[....e.......#.#
.###[#############.#
.....[.....#######.#
...........e.......#
...........#########


You could see Dowan (fast).

Vanquished Creatures
  Duvessa (D:4)
  A scorpion (D:3)
  A hound (D:3)
  A jelly (D:4)
  An orc priest (D:4)
  Terence (D:2)
  2 iguanas
  A hound skeleton (D:4)
  An adder (D:3)
  An ufetubus (D:3)
  An adder skeleton (D:2)
  2 worms
  5 orcs
  5 ball pythons
  3 endoplasms
  3 giant cockroaches
  7 goblins
  10 hobgoblins
  2 jackals (D:4)
  5 kobolds
  3 quokkas
  5 bats
  3 frilled lizards
  8 rats
73 creatures vanquished.

Notes
Turn   | Place    | Note
-------+----------+-------------------------------------------
     0 | D:1      | Hector the Hill Orc Fighter began the quest for the Orb.
     0 | D:1      | Reached XP level 1. HP: 19/19 MP: 1/1
    46 | D:1      | Reached skill level 3 in Axes
   224 | D:1      | Reached XP level 2. HP: 26/26 MP: 2/2
   370 | D:1      | Reached skill level 4 in Axes
  1032 | D:2      | Reached XP level 3. HP: 31/31 MP: 3/3
  1377 | D:2      | Noticed Terence
  1656 | D:2      | Killed Terence
  1657 | D:2      | Reached skill level 5 in Axes
  1657 | D:2      | Reached XP level 4. HP: 35/39 MP: 4/4
  2291 | D:3      | Reached skill level 6 in Axes
  2835 | D:4      | Noticed a scorpion
  3199 | D:3      | Reached XP level 5. HP: 22/45 MP: 5/5
  3725 | D:4      | Noticed Duvessa
  3725 | D:4      | Noticed Dowan
  3907 | D:4      | Reached skill level 7 in Axes
  3907 | D:4      | Reached XP level 6. HP: 32/52 MP: 6/6
  4025 | D:5      | Entered Level 5 of the Dungeon
  4262 | D:4      | Killed Duvessa
  4263 | D:4      | Reached XP level 7. HP: 25/58 MP: 7/7
  4272 | D:4      | Killed from afar by Dowan

Illustrated notes

Levels and vault maps discovered:
D:1:      mrwooster_arrival_arrow, layout_basic
D:2:      layout_loops_ring, uniq_terence
D:3:      layout_rooms
D:4:      layout_basic, temple_doors_cd, uniq_duvessa
D:5:      minmay_razor_zed, layout_basic, minitemple,
          chequers_serial_rivers_large_a

Skill      XL: |  1  2  3  4  5 |
---------------+----------------+-----
Axes           | 3 4 5 6 7 |  7.9
Armour         | 4 |  4.7
Fighting       | |  3.9
Dodging        | |  0.4
Shields        | |  3.8

Action                   |  1- 3 |  4- 6 |  7- 9 || total
-------------------------+-------+-------+-------++-------
Melee: War axe           |    85 |   151 |     8 ||   244
  Use: Scroll            |     4 |     8 |       ||    12
       Potion            |       |       |     2 ||     2
Armor: Scale mail        |    40 |       |       ||    40
       Chain mail        |       |    92 |     2 ||    94
       Skin              |       |       |     4 ||     4
Dodge: Dodged            |    21 |    40 |     1 ||    62
       Repelled          |       |       |     1 ||     1
Block: Kite shield       |    47 |    74 |     3 ||   124

Table legend: (Time is in decaauts)
 A = Elapsed time spent in this place.
 B = Non-inter-level travel time spent in this place.
 C = Inter-level travel time spent in this place.
 D = Time resting spent in this place.
 E = Time spent auto-exploring this place.
 F = Levels seen in this place.
 G = Mean time per level.
                   A        B        C        D        E       F      G
               +--------+--------+--------+--------+--------+-----+--------+
         Total |   4393 |   3992 |    401 |    846 |   2086 |   5 |  878.6 |
       Dungeon |   4393 |   3992 |    401 |    846 |   2086 |   5 |  878.6 |
               +--------+--------+--------+--------+--------+-----+--------+

Top non-repeatable levels by time:
     D:1: 1229 daAuts
     D:4: 1091 daAuts
     D:3: 1046 daAuts
     D:2: 1023 daAuts
     D:5: 1 daAuts
